 Dungeon Crawl Stone Soup version 0.22-b1-26-g9dbaab1 (webtiles) character file.

391 poirepourri the Chopper (level 6, -2/55 HPs)
             Began as a Deep Dwarf Fighter on Aug 8, 2018.
             Slain by a mummy (11 damage)
             ... on level 4 of the Dungeon.
             The game lasted 00:03:54 (2597 turns).

poirepourri the Chopper (Deep Dwarf Fighter)        Turns: 2597, Time: 00:03:56

Health: -2/55      AC:  9    Str: 19    XL:     6   Next: 50%
Magic:  13/13      EV: 10    Int:  9    God:
Gold:   213        SH: 10    Dex: 14    Spells: 5/5 levels left

rFire    . . .     SeeInvis .   a - +0 war axe
rCold    . . .     Gourm    .   c - +1 shield
rNeg     . . .     Faith    .   b - +0 scale mail
rPois    .         Spirit   .   j - +0 helmet
rElec    .         Reflect  .   (no cloak)
rCorr    .         Harm     .   (no gloves)
MR       .....                  l - +0 pair of boots
Stlth    ..........             (no amulet)
HPRegen  0.00/turn              i - ring of magical power
MPRegen  0.13/turn              h - +3 ring of evasion

@: non-regenerating
A: damage resistance, heal wounds, sense surroundings 1, no regeneration
a: Heal Wounds


You were on level 4 of the Dungeon.
You were not hungry.

You visited 1 branch of the dungeon, and saw 5 of its levels.

You collected 213 gold pieces.

Inventory:

Hand Weapons
 a - a +0 war axe (weapon)
Missiles
 p - 13 bolts
 r - 5 tomahawks (quivered)
Armour
 b - a +0 scale mail (worn)
 c - a +1 shield (worn)
 j - a +0 helmet (worn)
 l - a +0 pair of boots (worn)
Jewellery
 h - a +3 ring of evasion (right hand)
 i - a ring of magical power (left hand)
 q - the ring of the Death Scarab {rElec Int+2, unknown}
   (You found it on level 3 of the Dungeon)

   [ring of intelligence]

   It affects your intelligence (+2).
   It insulates you from electricity.
Wands
 w - a wand of flame (14)
Scrolls
 m - 2 scrolls of remove curse
 n - 2 scrolls of teleportation
 v - a scroll of fear {unknown}
 x - 3 scrolls of noise {unknown}
 y - a scroll of immolation {unknown}
Potions
 d - a potion of might
 e - a potion of haste {unknown}
 g - 3 potions of brilliance
 k - 2 potions of lignification
 o - a potion of flight {unknown}
 s - 2 potions of invisibility {unknown}
 t - a potion of ambrosia {unknown}
 u - a potion of agility {unknown}
Comestibles
 f - 3 rations


   Skills:
 - Level 2.6 Fighting
 + Level 7.7 Axes
 - Level 3.2 Armour
 - Level 3.2 Shields


You had 5 spell levels left.
You didn't know any spells.
Your spell library was empty.

Dungeon Overview and Level Annotations

Branches:
Dungeon (5/15)
 Temple: D:4-7

Altars:
Qazlal
Ru
The Shining One

Portals:
Ossuary: D:4


Innate Abilities, Weirdness & Mutations

You are resistant to damage.
You can heal yourself by infusing magical energy.
You passively map a small area around you.
You do not regenerate.


Message History

You hit the mummy but do no damage. You barely miss the mummy.
The mummy hits you but does no damage.
You hit the mummy.
The mummy is lightly damaged.
The mummy hits you.
* * * LOW HITPOINT WARNING * * *
You hit the mummy.
The mummy is heavily damaged.
You block the mummy's attack.
You hit the mummy but do no damage.
The mummy is heavily damaged.
You hear the brisk hiss of an avalanche of sand.
You closely miss the mummy.
The mummy is heavily damaged.
The mummy hits you.
* * * LOW HITPOINT WARNING * * *
You closely miss the mummy.
The mummy is heavily damaged.
The mummy hits you!
You die...

### #.# #.#########
#.........#
#.######..# # #.#
##[..# # ####.#
##..#.# ###
##...)###..##.#
..###...####..###.#
..##.....##..##M@.#
............#.###.#
..##...[...##..##.#
..###.....## ...#.#
.........## +.....#
######.#.. ...#.#
.,, ...##. ..##.#
## #### . .. # , *,


You could see a mummy.

Vanquished Creatures
  A hound (D:4)
  2 orc priests
  An orc wizard (D:3)
  Jessica (D:2)
  An iguana (D:4)
  2 worker ants (D:4)
  6 adders
  2 oozes
  An adder skeleton (D:4)
  3 worms
  3 dart slugs
  3 leopard geckos (D:3)
  6 orcs
  3 ball pythons
  10 giant cockroaches
  9 goblins
  9 hobgoblins
  10 jackals (D:3)
  A quokka (D:3)
  3 bats
  4 frilled lizards
  6 kobolds
  3 rats
90 creatures vanquished.

Notes
Turn   | Place    | Note
-------+----------+-------------------------------------------
     0 | D:1      | poirepourri the Deep Dwarf Fighter began the quest for the Orb.
     0 | D:1      | Reached XP level 1. HP: 20/20 MP: 1/1
   117 | D:1      | Reached skill level 3 in Axes
   120 | D:1      | Reached XP level 2. HP: 24/27 MP: 2/2
   741 | D:1      | Reached XP level 3. HP: 23/33 MP: 3/3
   851 | D:2      | Noticed Jessica
   862 | D:2      | HP: 1/33 [Jessica/nerve-wracking pain (12)]
   865 | D:2      | Killed Jessica
   865 | D:2      | Reached skill level 4 in Axes
   900 | D:2      | Reached XP level 4. HP: 21/40 MP: 3/3
   978 | D:2      | Found a sacrificial altar of Ru.
  1121 | D:2      | Reached skill level 5 in Axes
  1375 | D:2      | Found a stormy altar of Qazlal.
  1377 | D:2      | Noticed an earth elemental
  1378 | D:2      | Noticed a water elemental
  1378 | D:2      | Noticed a fire elemental
  1378 | D:2      | Noticed an air elemental
  1681 | D:3      | Reached XP level 5. HP: 12/46 MP: 4/4
  1816 | D:3      | Reached skill level 6 in Axes
  1835 | D:3      | Got a fine lead ring
  1948 | D:3      | Found a faded altar of an unknown god.
  2285 | D:4      | Reached skill level 7 in Axes
  2285 | D:4      | Reached XP level 6. HP: 23/55 MP: 4/4
  2359 | D:4      | Found a glowing golden altar of the Shining One.
  2378 | D:5      | Entered Level 5 of the Dungeon
  2588 | D:4      | Found a sand-covered staircase.
  2597 | D:4      | Slain by a mummy

Skill      XL: |  1  2  3  4  5 |
---------------+----------------+-----
Axes           | 3 4 5 7 |  7.7
Fighting       | |  2.6
Armour         | |  3.2
Shields        | |  3.2

Action                   |  1- 3 |  4- 6 || total
-------------------------+-------+-------++-------
Melee: War axe           |    75 |   190 ||   265
 Abil: Heal Wounds       |     1 |     3 ||     4
  Use: Scroll            |       |     6 ||     6
       Potion            |       |     2 ||     2
  Eat: Chunk             |       |     2 ||     2
       Ration            |       |     2 ||     2
Armor: Scale mail        |    33 |    69 ||   102
Dodge: Dodged            |    22 |    90 ||   112
Block: Shield            |    37 |   133 ||   170
